 Dungeon Crawl Stone Soup version 0.29-a0-320-g9f8742066b (webtiles) character file.

Game seed: 13553717350264906939

159 sammy202020 the Skirmisher (level 5, 0/42 HPs)
             Began as a Demonspawn Berserker on Apr 2, 2022.
             Was a Priest of Trog.
             Killed from afar by an orc priest (9 damage)
             ... with a bolt of acid
             ... on level 3 of the Dungeon.
             The game lasted 00:03:41 (2660 turns).

sammy202020 the Skirmisher (Demonspawn Berserker)   Turns: 2660, Time: 00:03:42

Health: 0/42       AC:  8    Str: 23    XL:     5   Next: 17%
Magic:  5/5        EV:  9    Int: 10    God:    Trog [***...]
Gold:   111        SH:  0    Dex: 13    Spells: 4/4 levels left

rFire   . . .      SeeInvis .   a - +0 hand axe
rCold   . . .      Faith    .   (no shield)
rNeg    . . .      Spirit   .   r - +0 chain mail
rPois   .          Reflect  .   (helmet restricted)
rElec   .          Harm     .   i - +0 cloak
rCorr   .          Rampage  .   o - +0 pair of gloves
Will    .....                   f - +0 pair of boots
Stlth   ..........              (no amulet)
HPRegen 0.14/turn               n - +6 ring of strength
MPRegen 0.09/turn               p - +4 ring of slaying

@: confused, corroded
A: horns 1, demonic magic 1
a: Renounce Religion, Berserk, Trog's Hand


You were on level 3 of the Dungeon.
You worshipped Trog.
Trog was most pleased with you.
You visited 1 branch of the dungeon, and saw 3 of its levels.

You collected 111 gold pieces.

Inventory:

Hand Weapons
 a - a +0 hand axe (weapon)
 t - a +0 club
 u - a +0 hunting sling
Missiles
 c - 9 poisoned darts (quivered)
Armour
 f - a +0 pair of boots (worn)
 i - a +0 cloak (worn)
 o - a +0 pair of gloves (worn)
 r - a +0 chain mail (worn)
Jewellery
 n - a +6 ring of strength (left hand)
 p - a +4 ring of slaying (right hand)
Scrolls
 e - a scroll of enchant weapon {unknown}
 j - 2 scrolls of fear {unknown}
 l - 3 scrolls of teleportation {unknown}
 q - a scroll of noise {unknown}
 s - a scroll of identify {unknown}
Potions
 b - a potion of brilliance {unknown}
 d - 2 potions of degeneration {unknown}
 g - a potion of ambrosia {unknown}
 h - a potion of invisibility {unknown}
 k - 2 potions of curing {unknown}
 m - a potion of resistance {unknown}


   Skills:
 + Level 3.9 Fighting
 + Level 3.5 Axes
 + Level 2.9 Armour
 + Level 2.8 Dodging


You had 4 spell levels left.
You didn't know any spells.
Your spell library was empty.

Dungeon Overview and Level Annotations

Branches:
Dungeon (3/15)

Altars:
Kikubaaqudgha

Shops:
D:1 :


Innate Abilities, Weirdness & Mutations

You have a pair of small horns on your head.
Spells you cast may paralyse adjacent enemies.


Message History

Beogh smites you! The orc barely misses you.
You barely miss the orc wizard. You hit the orc.
You kill the orc!
Trog accepts your kill. The orc wizard barely misses you.
The orc wizard attacks as you move away!
The orc wizard hits you but does no damage.
You hit the orc wizard.
You headbutt the orc wizard, but do no damage.
The orc wizard is lightly wounded.
The orc wizard closely misses you.
You're too confused to move!
You feel less confused. The orc wizard barely misses you.
You closely miss the orc wizard.
The orc wizard is lightly wounded.
You slash the orc priest!
The orc wizard gestures at you while chanting.
The magic dart hits you.
The orc priest zaps a wand.
The bolt of acid hits you but does no damage.
The acid corrodes you!
You hit the orc wizard.
The orc wizard is heavily wounded.
You hit the orc priest. The orc wizard completely misses you.
The orc priest invokes the aid of Beogh against you.
Beogh smites you!
* * * LOW HITPOINT WARNING * * *
You hit the orc wizard but do no damage.
You headbutt the orc wizard!
The orc wizard is almost dead.
You barely miss the orc priest. The orc wizard casts a spell at you.
You are confused.
The orc priest hits you but does no damage.
Okay, then.
The orc priest attacks as you move away!
The orc priest closely misses you.
You're too confused to move!
The orc priest zaps a wand.
The bolt of acid hits you!
You die...

##.##
##.####.#........#
##... #. #..........#
##..## .. #.
#..........# .......
#.####.####..........#
......#
........)))..........#
..###..
........).)..........#
.....
........)##...#.#.###
......
.........##.......#
......
......).@##..[...##
...###
........oo........
...#
..................
......)...........
............#..###
..........#.# .#
###...###.#... # #..#
.....# #.. .....#


You could see an orc priest and an orc wizard.

Vanquished Creatures
  Natasha (D:2)
  Robin (D:3)
  3 adders
  A worm (D:2)
  2 dart slugs (D:2)
  2 orcs (D:3)
  6 ball pythons
  5 endoplasms
  10 giant cockroaches
  11 goblins
  8 hobgoblins
  3 jackals (D:1)
  5 kobolds
  5 quokkas
  5 bats
  3 frilled lizards
  7 rats
78 creatures vanquished.

Vanquished Creatures (others)
  6 plants (D:1)
  7 withered plants (D:1)
13 creatures vanquished.

Grand Total: 91 creatures vanquished

Notes
Turn   | Place    | Note
-------+----------+-------------------------------------------
     0 | D:1      | sammy202020 the Demonspawn Berserker began the quest for
                  | the Orb.
     0 | D:1      | Reached XP level 1. HP: 18/18 MP: 1/1
   111 | D:1      | Found Fuin Deu's Book Boutique.
   417 | D:1      | Gained mutation: You have a pair of small horns on your
                  | head. [demonic ancestry]
   417 | D:1      | Reached XP level 2. HP: 12/24 MP: 2/2
   886 | D:1      | Found a faded altar of an unknown god.
  1027 | D:1      | Reached XP level 3. HP: 29/29 MP: 3/3
  1043 | D:1      | Reached ** piety under Trog
  2023 | D:2      | Found an ancient bone altar of Kikubaaqudgha.
  2069 | D:2      | Gained mutation: Spells you cast may paralyse adjacent
                  | enemies. [demonic ancestry]
  2069 | D:2      | Reached XP level 4. HP: 35/35 MP: 4/4
  2180 | D:2      | Noticed Natasha
  2183 | D:2      | Killed Natasha
  2588 | D:3      | Noticed Robin
  2592 | D:3      | Reached *** piety under Trog
  2596 | D:3      | Reached XP level 5. HP: 37/42 MP: 5/5
  2600 | D:3      | Killed Robin
  2660 | D:3      | Killed from afar by an orc priest

Illustrated notes

Levels and vault maps discovered:
D:1:      co_arrival_square_in_a_square_in_a_square, layout_rooms, serial_shops,
          shop_statue, shapermc_ecumenical_altar_flowoftime,
          minmay_worlds_worst_comb
D:2:      layout_loops_ring, basic_altar, nrook_mini_backslash, uniq_natasha
D:3:      layout_rooms, saegor_snake_ambush, uniq_robin

Skill      XL: |  1  2 |
---------------+-------+-----
Armour         | 2 |  2.9
Dodging        | 2 |  2.8
Axes           | 3 |  3.5
Fighting       | |  3.9

Action                   |  1- 3 |  4- 6 || total
-------------------------+-------+-------++-------
Melee: Hand axe          |   134 |    39 ||   173
       Headbutt          |    16 |     9 ||    25
       Punch             |     4 |     1 ||     5
Armor: Animal skin       |    18 |       ||    18
       Ring mail         |    24 |     2 ||    26
       Chain mail        |       |    27 ||    27
Dodge: Dodged            |    97 |    31 ||   128

Table legend: (Time is in decaauts)
 A = Elapsed time spent in this place.
 B = Non-inter-level travel time spent in this place.
 C = Inter-level travel time spent in this place.
 D = Time resting spent in this place.
 E = Time spent auto-exploring this place.
 F = Levels seen in this place.
 G = Mean time per level.
                   A        B        C        D        E       F      G
               +--------+--------+--------+--------+--------+-----+--------+
         Total |   2690 |   2675 |     15 |      0 |   2098 |   3 |  896.7 |
       Dungeon |   2690 |   2675 |     15 |      0 |   2098 |   3 |  896.7 |
               +--------+--------+--------+--------+--------+-----+--------+

Top non-repeatable levels by time:
     D:1: 1445 daAuts
     D:2: 1053 daAuts
     D:3: 191 daAuts
